 Dungeon Crawl Stone Soup version 0.30-a0-121-gb27577e5d9 (webtiles) character file.

Game seed: 17040272667294758557

2641 purpskrrrp the Trooper (level 9, 0/72 HPs)
             Began as a Demonspawn Fighter on Sept 14, 2022.
             Was a Follower of Ashenzari.
             Slain by a gargoyle
             ... wielding a +0 flail
              (12 damage)
             ... on level 7 of the Dungeon.
             The game lasted 00:15:03 (7297 turns).

purpskrrrp the Trooper (Demonspawn Fighter)         Turns: 7297, Time: 00:15:04

Health: 0/72       AC: 17    Str: 21      XL:     9   Next: 35%
Magic:  8/8        EV: 12    Int: 10      God:    Ashenzari [*.....]
Gold:   331        SH: 11    Dex: 11 (12) Spells: 8/8 levels left

rFire   x . .      SeeInvis .    a - +2 war axe (chaos)
rCold   . . .      Faith    .    c - +1 buckler
rNeg    . . .      Spirit   .    t - +1 ring mail "Xutit" {Harm}
rPois   .          Reflect  +    (helmet restricted)
rElec   .          Harm     +    s - +2 cloak of Ashenzari's Fetters {Stlth+, Self, Fort} (curse)
rCorr   .          Rampage  .    f - +2 pair of gloves
Will    +....                    (no boots)
Stlth   ++........               p - amulet "Share My Unpleasantness" {Reflect SH+5, Self, Bglg} (curse)
HPRegen 0.22/turn                h - ring of willpower
MPRegen 0.11/turn                q - +4 ring of slaying

@: studying Invocations
A: horns 2, yellow scales 2, ignite blood 2, talons 1, deterioration 1, low MP
1, heat vulnerability 1
a: Renounce Religion, Shatter the Chains


You were on level 7 of the Dungeon.
You worshipped Ashenzari.
Ashenzari was aware of your devotion.
You visited 1 branch of the dungeon, and saw 7 of its levels.

You collected 331 gold pieces.

Inventory:

Hand Weapons
 a - a +2 war axe of chaos (weapon)
Armour
 b - a +0 scale mail
 c - a +1 buckler (worn)
 f - a +2 pair of gloves (worn)
 s - the cursed +2 cloak of Ashenzari's Fetters (worn) {Stlth+, Self, Fort}
   (You found it on level 6 of the Dungeon)

   It has a curse which improves the following skills: Introspection: Fighting
   and Spellcasting.
   Fortitude: Armour and Shields.
 t - the +1 ring mail "Xutit" (worn) {Harm}
   (You found it on level 7 of the Dungeon)

   Harm:      It increases damage dealt and taken.
Jewellery
 d - the amulet of the Six Changing Lies {RegenMP Int+4}
   (You found it on level 6 of the Dungeon)

   [amulet of magic regeneration]

   It increases your rate of magic regeneration.
   Int:       It affects your intelligence (+4).
 h - a ring of willpower (left hand)
 p - the cursed amulet "Share My Unpleasantness" (around neck) {Reflect SH+5, Self, Bglg}
   (You took it off a kobold on level 4 of the Dungeon)

   [amulet of reflection]

   It reflects blocked missile attacks.
   SH:        It affects your SH (+5).
   It has a curse which improves the following skills: Introspection: Fighting
   and Spellcasting.
   Beguiling: Conjurations, Hexes and Translocations.
 q - a +4 ring of slaying (right hand)
Wands
 o - a wand of paralysis (6)
Scrolls
 e - a scroll of butterflies
 g - 3 scrolls of teleportation
 m - 2 scrolls of amnesia
 n - a scroll of noise
 u - a scroll of silence
 v - a scroll of brand weapon
 x - a scroll of enchant armour
Potions
 i - 5 potions of flight
 j - 4 potions of curing
 k - 2 potions of brilliance
 l - 2 potions of ambrosia
 r - a potion of berserk rage
 w - a potion of attraction


   Skills:
 + Level 6.2(7.6) Fighting
 * Level 5.7 Axes
 + Level 5.7(6.6) Armour
 + Level 4.6 Dodging
 + Level 1.3 Stealth
 + Level 5.7(6.6) Shields
 + Level 1.6 Evocations


You had 8 spell levels left.
You didn't know any spells.
Your spell library contained the following spells:

 Spells                   Type           Power      Damage    Failure   Level
 Magic Dart               Conj           0%         1d3       58%         1
 Searing Ray              Conj           0%         2d4       73%         2
 Scorch                   Fire           0%         2d5       75%         2
 Gell's Gravitas          Tloc           0%         N/A       91%         3
 Lesser Beckoning         Tloc           0%         N/A       91%         3
 Teleport Other           Tloc           0%         N/A       91%         3
 Flame Wave               Conj/Fire      0%         2d4       100%        4
 Fulminant Prism          Conj/Hex       0%         3d6       100%        4
 Summon Cactus Giant      Summ           0%         N/A       100%        6


Dungeon Overview and Level Annotations

Branches:
Dungeon (7/15)             Temple (0/1) D:7

Altars:
Ashenzari
Makhleb

Shops:
D:5 *


Innate Abilities, Weirdness & Mutations

You have a pair of horns on your head.
You are mostly covered in yellow scales. (AC +3)
Your demonic aura often causes spilled blood to erupt in flames.
You have sharp toenails.
Your body sometimes deteriorates upon taking damage.
Your magical capacity is low. (-10% MP)
You are vulnerable to heat. (rF-)


Message History

No target in view!
No target in view!
No target in view!
No target in view!
No target in view!
HP restored.
You open the door.
A gargoyle comes into view. It is wielding a +0 flail.
Found a scroll of fear.
A gargoyle is nearby!
A gargoyle is nearby!
You hit the gargoyle but do no damage.
The gargoyle resists with almost no effort.
You claw the gargoyle, but do no damage.
You headbutt the gargoyle, but do no damage.
The gargoyle hits you with a +0 flail!
The gargoyle hurls a stone arrow at you.
The stone arrow reflects off an invisible shield around you!
The stone arrow hits the gargoyle!!
You hit the gargoyle but do no damage.
Space warps around the gargoyle.
You claw the gargoyle, but do no damage.
The gargoyle is almost destroyed.
The gargoyle hits you with a +0 flail!
You hit the gargoyle but do no damage.
The gargoyle resists with almost no effort.
The gargoyle is almost destroyed.
The gargoyle hurls a stone arrow at you.
The stone arrow hits you!!
Your body deteriorates!
You feel clumsy.
You hit the gargoyle. You burn the gargoyle.
You claw the gargoyle, but do no damage.
Your headbutt misses the gargoyle.
The gargoyle is almost destroyed.
The gargoyle hits you with a +0 flail!
* * * LOW HITPOINT WARNING * * *
You barely miss the gargoyle.
You claw the gargoyle, but do no damage.
The gargoyle is almost destroyed.
The gargoyle hits you with a +0 flail!
You die...

#########.......##### #.
#.........#.........# #.
#####.....###...##...##...
#. #.........###.###8...8#
#. #.###.....##..# ##...##
#. #.#
########.###+.....+# #.
#.# #.#?#.......# #. #.#
#.##9○......+ #. #.#
#.##@...8....# ## #.#
#.##'.......+# #.#
#.#)#.......# #.#
#.###+.....+# #.# ##+.+##
#### #.# ## #... #.# #...
#.# #... #.# #...


You could see a gargoyle.

Vanquished Creatures
  A gargoyle (D:7)
  Prince Ribbit (D:5)
  Eustachio (D:5)
  Menkaure (D:5)
  Duvessa (D:5)
  A water moccasin (D:6)
  A sky beast (D:7)
  A black bear (D:5)
  The ghost of jlumianski the Chopper, an amateur DsGl (D:3)
  An ogre (D:5)
  A bullfrog (D:6)
  A necrophage (D:4)
  A gnoll sergeant (D:5)
  6 scorpions
  Dowan (D:5)
  A howler monkey (D:5)
  3 hounds
  3 jellies
  An orc priest (D:4)
  A gnoll bouda (D:7)
  2 iguanas
  5 orc wizards
  8 gnolls
  13 adders
  A shadow imp (D:6)
  3 ufetubi
  A worm (D:4)
  A dart slug (D:3)
  15 orcs
  6 bats
  6 endoplasms
  3 giant cockroaches
  6 goblins
  7 hobgoblins
  5 kobolds
  7 ball pythons
  15 rats
133 creatures vanquished.

Notes
Turn   | Place    | Note
-------+----------+-------------------------------------------
     0 | D:1      | purpskrrrp the Demonspawn Fighter began the quest for the
                  | Orb.
     0 | D:1      | Reached XP level 1. HP: 18/18 MP: 1/1
   297 | D:1      | Gained mutation: Your demonic aura sometimes causes spilled
                  | blood to erupt in flames. [demonic ancestry]
   297 | D:1      | Reached XP level 2. HP: 24/24 MP: 2/2
  1342 | D:2      | Gained mutation: You have a pair of small horns on your
                  | head. [demonic ancestry]
  1342 | D:2      | Reached XP level 3. HP: 27/29 MP: 3/3
  1986 | D:2      | Gained mutation: Your body sometimes deteriorates upon
                  | taking damage. [potion of mutation]
  1986 | D:2      | Gained mutation: You are vulnerable to heat. (rF-) [potion
                  | of mutation]
  1986 | D:2      | Gained mutation: Your magical capacity is low. (-10% MP)
                  | [potion of mutation]
  1986 | D:2      | Gained mutation: You have sharp toenails. [potion of
                  | mutation]
  2054 | D:3      | Found a broken altar of Ashenzari.
  2059 | D:3      | Found a runed translucent door.
  2081 | D:3      | Gained mutation: You are partially covered in yellow
                  | scales. (AC +2) [demonic ancestry]
  2081 | D:3      | Reached XP level 4. HP: 35/35 MP: 3/3
  2122 | D:3      | Reached skill level 1 in Dodging
  2828 | D:3      | Noticed jlumianski's ghost (amateur DsGl)
  2842 | D:3      | Gained mutation: You are mostly covered in yellow scales.
                  | (AC +3) [demonic ancestry]
  2842 | D:3      | Reached XP level 5. HP: 27/42 MP: 4/4
  2851 | D:3      | Killed jlumianski's ghost
  2852 | D:3      | Reached skill level 4 in Fighting
  3109 | D:3      | Became a worshipper of Ashenzari the Shackled
  3208 | D:4      | Gained mutation: Your demonic aura often causes spilled
                  | blood to erupt in flames. [demonic ancestry]
  3208 | D:4      | Reached XP level 6. HP: 45/48 MP: 5/5
  3999 | D:4      | Found a burning altar of Makhleb.
  4258 | D:4      | Reached XP level 7. HP: 55/55 MP: 6/6
  4456 | D:5      | Entered Level 5 of the Dungeon
  4647 | D:5      | Noticed Eustachio
  4656 | D:5      | Killed Eustachio
  4706 | D:5      | Noticed Prince Ribbit
  4723 | D:5      | Killed Prince Ribbit
  4724 | D:5      | Reached skill level 5 in Fighting
  4924 | D:5      | Noticed Menkaure
  4929 | D:5      | Killed Menkaure
  4930 | D:5      | Reached XP level 8. HP: 44/62 MP: 7/7
  5205 | D:5      | Noticed Dowan
  5205 | D:5      | Noticed Duvessa
  5214 | D:5      | Killed Duvessa
  5215 | D:5      | Killed Dowan
  5216 | D:5      | Reached skill level 5 in Armour
  5216 | D:5      | Reached skill level 5 in Shields
  5720 | D:5      | Found Typryrib's Mass Market.
  5852 | D:6      | Reached skill level 5 in Axes
  5856 | D:6      | Reached skill level 6 in Fighting
  5875 | D:6      | Identified the amulet of the Six Changing Lies {RegenMP
                  | Int+4}
  5911 | D:6      | Gained mutation: You have a pair of horns on your head.
                  | [demonic ancestry]
  5911 | D:6      | Reached XP level 9. HP: 54/69 MP: 8/8
  6640 | D:7      | Reached skill level 1 in Evocations
  6642 | D:7      | Identified the +1 ring mail "Xutit" {Harm}
  6913 | D:7      | Reached * piety under Ashenzari
  7057 | D:7      | Found a staircase to the Ecumenical Temple.
  7230 | D:7      | Noticed a gargoyle
  7234 | D:7      | Killed a gargoyle
  7235 | D:7      | Reached skill level 1 in Stealth
  7292 | D:7      | Noticed a gargoyle
  7297 | D:7      | Slain by a gargoyle

Illustrated notes

Levels and vault maps discovered:
D:1:      beargit_arrival_diablo_church, layout_basic, serial_rivers,
          chequers_serial_rivers_micro_d, chequers_serial_rivers_small_3,
          chequers_serial_rivers_room_a, chequers_serial_rivers_small_3,
          chequers_serial_rivers_micro_d, minivault_23,
          ebering_dispersal_statue_hall, chequers_jeans
D:2:      layout_basic, kennysheep_cluttered_room, minmay_rat_gold_closets
D:3:      layout_loops_ring, mainiacjoe_overflow_cross_hatched,
          ebering_ghost_sewer_d, eino_tiny_chamber, roderic_serpentine_path,
          st_stairs_14
D:4:      layout_layer_cave, lemuel_doored_altar
D:5:      nicolae_cairo_tiling, layout_basic, minmay_misc_feat_columns,
          minmay_shop_mass, minmay_misc_feat_tiny, uniq_prince_ribbit1,
          uniq_duvessa, uniq_menkaure, uniq_eustachio
D:6:      layout_rooms
D:7:      cheibrodos_statue_roulette, layout_basic,
          minmay_temple_entry_drinking_statues

Skill      XL: |  1  2  3  4  5  6  7  8  9 |
---------------+----------------------------+-----
Axes           | 2 3 4 5 |  5.7
Armour         | 3 4 5 |  5.7
Shields        | 3 4 5 |  5.7
Dodging        | 1 2 3 4 |  4.6
Fighting       | 4 5 6 |  6.2
Evocations     | 1 |  1.6
Stealth        | 1 |  1.3

Action                   |  1- 3 |  4- 6 |  7- 9 || total
-------------------------+-------+-------+-------++-------
Melee: War axe           |    93 |   101 |   152 ||   346
       Headbutt          |     8 |    18 |    29 ||    55
       Kick              |       |    21 |    51 ||    72
Invok: Curse Item        |       |       |     2 ||     2
  Use: Scroll            |     6 |     4 |    10 ||    20
       Potion            |     1 |     2 |     1 ||     4
 Stab: Petrifying        |       |       |     1 ||     1
       Petrified         |       |       |     1 ||     1
       Sleeping          |       |       |     1 ||     1
Armor: Scale mail        |    40 |    48 |    82 ||   170
       Ring mail         |       |       |     7 ||     7
Dodge: Dodged            |    42 |    32 |    88 ||   162
Block: Buckler           |    22 |    24 |    64 ||   110
       Reflection        |       |       |     1 ||     1

Table legend: (Time is in decaauts)
 A = Elapsed time spent in this place.
 B = Non-inter-level travel time spent in this place.
 C = Inter-level travel time spent in this place.
 D = Time resting spent in this place.
 E = Time spent auto-exploring this place.
 F = Levels seen in this place.
 G = Mean time per level.
                   A        B        C        D        E       F      G
               +--------+--------+--------+--------+--------+-----+--------+
         Total |   7434 |   6988 |    446 |    327 |   5626 |   7 | 1062.0 |
       Dungeon |   7434 |   6988 |    446 |    327 |   5626 |   7 | 1062.0 |
               +--------+--------+--------+--------+--------+-----+--------+

Top non-repeatable levels by time:
     D:5: 1412 daAuts
     D:4: 1359 daAuts
     D:1: 1141 daAuts
     D:3: 1133 daAuts
     D:7: 928 daAuts
     D:2: 913 daAuts
     D:6: 545 daAuts
